 Dungeon Crawl Stone Soup version 0.29.1-2-gbd0b4ee654 (webtiles) character file.

Game seed: 12573417650222780046

60 GigaChad the Covered (level 3, -6/33 HPs)
             Began as a Minotaur Fighter on Nov 19, 2022.
             Killed from afar by an orc wizard (8 damage)
             ... with a puff of flame
             ... on level 2 of the Dungeon on Nov 21, 2022.
             The game lasted 00:02:06 (648 turns).

GigaChad the Covered (Minotaur Fighter)              Turns: 648, Time: 00:02:10

Health: -6/33      AC:  8    Str: 22    XL:     3   Next: 80%
Magic:  2/2        EV:  9    Int:  5    God:
Gold:   53         SH:  4    Dex:  9    Spells: 2/2 levels left

rFire   . . .      SeeInvis .   a - +0 war axe
rCold   . . .      Faith    .   c - +0 buckler
rNeg    . . .      Spirit   .   b - +0 scale mail
rPois   .          Reflect  .   (helmet restricted)
rElec   .          Harm     .   j - +0 cloak
rCorr   .          Rampage  .   (no gloves)
Will    .....                   (no boots)
Stlth   ..........              (no amulet)
HPRegen 0.11/turn               (no ring)
MPRegen 0.08/turn               (no ring)

@: no status effects
A: horns 2, retaliatory headbutt
a: no special abilities


You were on level 2 of the Dungeon.
You visited 1 branch of the dungeon, and saw 2 of its levels.

You collected 53 gold pieces.

Inventory:

Hand Weapons
 a - a +0 war axe (weapon)
Armour
 b - a +0 scale mail (worn)
 c - a +0 buckler (worn)
 j - a +0 cloak (worn)
Jewellery
 n - an amulet of guardian spirit
Scrolls
 f - a scroll of blinking {unknown}
 h - a scroll of enchant weapon {unknown}
 i - 3 scrolls of immolation {unknown}
 m - a scroll of magic mapping {unknown}
Potions
 d - a potion of might
 e - a potion of heal wounds {unknown}
 g - a potion of berserk rage {unknown}
 k - a potion of attraction {unknown}
 l - a potion of degeneration {unknown}


   Skills:
 + Level 4.0 Fighting
 + Level 3.5 Axes
 + Level 4.4 Armour
 + Level 0.3 Dodging
 + Level 4.1 Shields


You had 2 spell levels left.
You didn't know any spells.
Your spell library contained the following spells:

 Spells                   Type           Power      Damage    Failure   Level
 Gell's Gravitas          Tloc           0%         N/A       99%         3
 Lesser Beckoning         Tloc           0%         N/A       99%         3
 Teleport Other           Tloc           0%         N/A       99%         3
 Summon Ice Beast         Ice/Summ       0%         N/A       100%        4
 Summon Mana Viper        Hex/Summ       0%         N/A       100%        5
 Monstrous Menagerie      Summ           0%         N/A       100%        7


Dungeon Overview and Level Annotations

Branches:
Dungeon (2/15)

Altars:


Innate Abilities, Weirdness & Mutations

You have a pair of horns on your head.
You reflexively headbutt those who attack you in melee.


Message History

The orc is moderately wounded.
You barely miss something.
You feel sick. The orc hits you with a +0 club.
* * * LOW HITPOINT WARNING * * *
Something hits you but does no damage.
You closely miss something. Your headbutt misses something.
You hit the orc but do no damage.
You feel sick.
You are no longer poisoned.
The orc barely misses you. You block the orc's attack.
You barely miss the orc. You slash the orc!
You kill the orc!
You barely miss something. Something hits you.
* * * LOW HITPOINT WARNING * * *
The orc hits you but does no damage.
You completely miss the orc. You miss something. You closely miss something.
Something hits you.
* * * LOW HITPOINT WARNING * * *
You hear some strange, mumbled words.
A magic dart appears from out of thin air!
The magic dart hits you but does no damage.
You block the orc's attack.
You slash the orc!
You kill the orc!
You hit something. You closely miss something.
Something hits you but does no damage. x4
You block something's attack. Something hits you but does no damage.
Things that are here:
a +0 dagger; an orc corpse You barely miss something.
You hit something. You block something's attack.
You hear some strange, mumbled words.
A puff of flame appears from out of thin air!
The puff of flame hits you.
* * * LOW HITPOINT WARNING * * *
You miss something. You closely miss something.
You hear some strange, mumbled words.
Something tries to affect you, but you resist.
You block something's attack.
You hear some strange, mumbled words.
A puff of flame appears from out of thin air!
The puff of flame hits you!
You die...

.... #.......
.....#..#.#.# .#
....#..#.#.# .#
.........#..#
###..#...#..# #.
#...........# #.#
#.#..#......# #.#
#.#..##.)##.###
#.#
###>#..#{@{......
#.#
#......#...##.#.#
#.#####.#.##.#...#
#
#............#...#
#.......###.##...#
#.####### .......
##........
........
............
##.##..
#..#######.# .#


There were no monsters in sight!

Vanquished Creatures
  2 adders (D:2)
  3 dart slugs (D:1)
  2 orcs (D:2)
  6 ball pythons (D:1)
  3 endoplasms (D:1)
  A goblin (D:1)
  A hobgoblin (D:1)
  4 jackals (D:1)
  2 kobolds (D:1)
  A quokka (D:1)
  2 bats (D:1)
  6 rats
33 creatures vanquished.

Notes
Turn   | Place    | Note
-------+----------+-------------------------------------------
     0 | D:1      | GigaChad the Minotaur Fighter began the quest for the Orb.
     0 | D:1      | Reached XP level 1. HP: 19/19 MP: 0/0
   128 | D:1      | Reached XP level 2. HP: 27/27 MP: 1/1
   306 | D:1      | Reached XP level 3. HP: 32/33 MP: 2/2
   648 | D:2      | Killed from afar by an orc wizard

Illustrated notes

Levels and vault maps discovered:
D:1:      lightli_arrival_lavapool, layout_rooms, minmay_octomino_e4
D:2:      layout_basic, serial_shops, nicolae_square_shop, amethyst_killhole

Skill      XL: |  1  2  3 |
---------------+----------+-----
Armour         | 4 |  4.4
Shields        | 4 |  4.1
Axes           | 3 |  3.5
Fighting       | 4 |  4.0
Dodging        | |  0.3

Action                   || total
-------------------------++-------
Melee: War axe           ||    50
       Headbutt          ||     6
Armor: Scale mail        ||    34
Dodge: Dodged            ||    19
Block: Buckler           ||    15
